 Dungeon Crawl Stone Soup version 0.28-a0-687-gb91baff9cc (webtiles) character file.

Game seed: 10483563683373906585

35 kae the Ruffian (level 3, -5/29 HPs)
             Began as a Draconian Transmuter on Oct 19, 2021.
             Killed from afar by an orc wizard (6 damage)
             ... with a magic dart
             ... on level 2 of the Dungeon.
             The game lasted 00:01:22 (1773 turns).

kae the Ruffian (Draconian Transmuter)              Turns: 1773, Time: 00:01:23

Health: -5/29      AC:  5    Str: 13    XL:     3   Next: 17%
Magic:  6/6        EV: 12    Int: 13    God:
Gold:   69         SH:  0    Dex: 11    Spells: 5/6 levels left

rFire   . . .      SeeInvis .   b - +0 dagger
rCold   . . .      Faith    .   (no shield)
rNeg    . . .      Spirit   .   (armour unavailable)
rPois   .          Reflect  .   (helmet restricted)
rElec   .          Harm     .   (no cloak)
rCorr   .          Rampage  .   (no gloves)
Will    .....                   (no boots)
Stlth   +.........              (no amulet)
HPRegen 0.09/turn               (no ring)
MPRegen 0.10/turn               (no ring)

@: no status effects
A: AC +5, unfitting armour, cold-blooded, MP-powered wands
a: no special abilities


You were on level 2 of the Dungeon.
You visited 1 branch of the dungeon, and saw 2 of its levels.

You collected 69 gold pieces.

Inventory:

Hand Weapons
 b - a +0 dagger (weapon)
Jewellery
 d - a ring of poison resistance
Scrolls
 c - 2 scrolls of identify


   Skills:
 + Level 1.9 Fighting
 - Level 1.7 Dodging
 * Level 3.7 Unarmed Combat
 - Level 2.0 Spellcasting
 + Level 2.4 Transmutations


You had 5 spell levels left.
You knew the following spells:

 Your Spells              Type           Power      Damage    Failure   Level
a - Beastly Appendage     Tmut           14%        N/A       10%         1

Your spell library contained the following spells:

 Spells                   Type           Power      Damage    Failure   Level
 Wereblood                Tmut           7%         N/A       14%         2
 Spider Form              Tmut/Pois      2%         N/A       43%         3
 Ice Form                 Ice/Tmut       4%         N/A       83%         4


Dungeon Overview and Level Annotations

Branches:
Dungeon (2/15)

Altars:


Innate Abilities, Weirdness & Mutations

Your plain brown scales are hard. (AC +5)
You cannot fit into any form of body armour.
You are cold-blooded and may be slowed by cold attacks.
You expend magic power (3 MP) to strengthen your wands.


Message History

You barely miss the orc. You tail-slap the orc.
The orc is heavily wounded.
Something hits you but does no damage. The orc hits you but does no damage.
You hit the orc. You claw the orc.
You kill the orc!
Your horns disappear.
Your talons disappear.
Something hits you but does no damage.
You see here a +0 trident.
Okay, then.
Casting: Beastly Appendage (safe; 10% risk of failure)
Confirm with . or Enter, or press ? or * to list all spells.
You grow a pair of large bovine horns.
Your feet morph into talons.
Your transformation is almost over.
You hear some strange, mumbled words.
A puff of flame appears from out of thin air!
The puff of flame hits you! Something hits you.
You miss something. Something hits you but does no damage.
You miss something. Your kick misses something. Your headbutt misses something.
You tail-slap something. Something hits you but does no damage.
You closely miss something. Something barely misses you.
You barely miss something. Something barely misses you.
You hit something but do no damage. Something hits you but does no damage.
You hit something but do no damage. Something hits you.
* * * LOW HITPOINT WARNING * * *
You closely miss something. You claw something.
Something hits you but does no damage.
Really quaff the potion of mutation?
You feel extremely strange.
You feel your magical essence link to the dungeon's wands.
Your horns disappear.
Your talons disappear.
You hear some strange, mumbled words.
A magic dart appears from out of thin air!
The magic dart hits you!
* * * LOW HITPOINT WARNING * * *
You hit something but do no damage.
You hear some strange, mumbled words.
A magic dart appears from out of thin air!
The magic dart hits you.
You die...

###....#####.†......†...
#>.....†(.##....#.####.#
#
#............>..#.......
########
#.........###..##.###..#
.................###
#.......<..#
.############...)#
##.##.####.# .# #....#
#.......... .# ##.#{#
##.###### .# #.#@# # .#
#.#.# # ..# # #.# # ...#
>.. # ....# #.# # ...##
#.# # ..## #.# # .## #.#
# ## #


There were no monsters in sight!

Vanquished Creatures
  2 dart slugs
  2 orcs (D:2)
  2 ball pythons
  3 bats
  2 endoplasms (D:1)
  3 goblins (D:1)
  2 hobgoblins
  2 jackals (D:1)
  2 kobolds (D:1)
  2 quokkas (D:1)
  2 frilled lizards
  A rat (D:2)
25 creatures vanquished.

Notes
Turn   | Place    | Note
-------+----------+-------------------------------------------
     0 | D:1      | kae the Draconian Transmuter began the quest for the Orb.
     0 | D:1      | Reached XP level 1. HP: 16/16 MP: 3/3
    82 | D:1      | Reached XP level 2. HP: 7/23 MP: 5/5
   478 | D:1      | HP: 1/23 [goblin (2)]
  1459 | D:2      | Found a faded altar of an unknown god.
  1632 | D:2      | Reached XP level 3. HP: 21/29 MP: 4/6
  1772 | D:2      | Gained mutation: You expend magic power (3 MP) to
                  | strengthen your wands. [potion of mutation]
  1772 | D:2      | HP: 1/29 [something/magic dart (7)]
  1773 | D:2      | Killed from afar by an orc wizard

Illustrated notes

Levels and vault maps discovered:
D:1:      lightli_arrival_farm, layout_basic, chequers_serial_rivers_micro_e
D:2:      layout_loops_ring, ebering_ecumenical_altar_webs,
          minmay_misc_feat_five, uniq_crazy_yiuf_cottage, uniq_robin,
          uniq_natasha

Action                   || total
-------------------------++-------
Melee: Dagger            ||   106
       Unarmed           ||     5
       Tailslap          ||     8
       Headbutt          ||     6
       Kick              ||    13
       Punch             ||     1
 Cast: Beastly Appendage ||    18
  Use: Scroll            ||     4
       Potion            ||     2
Armor: Skin              ||    47
Dodge: Dodged            ||    89

Table legend: (Time is in decaauts)
 A = Elapsed time spent in this place.
 B = Non-inter-level travel time spent in this place.
 C = Inter-level travel time spent in this place.
 D = Time resting spent in this place.
 E = Time spent auto-exploring this place.
 F = Levels seen in this place.
 G = Mean time per level.
                   A        B        C        D        E       F      G
               +--------+--------+--------+--------+--------+-----+--------+
         Total |   1798 |   1766 |     32 |      0 |   1518 |   2 |  899.0 |
       Dungeon |   1798 |   1766 |     32 |      0 |   1518 |   2 |  899.0 |
               +--------+--------+--------+--------+--------+-----+--------+

Top non-repeatable levels by time:
     D:1: 1187 daAuts
     D:2: 610 daAuts
